 Dungeon Crawl Stone Soup version 0.31-a0-988-g08d55da (webtiles) character file.

Game seed: 7831686091836155463

11162 Blackhawk the Fighter (level 11, -5/89 HPs)
             Began as a Demonspawn Berserker on Nov 5, 2023.
             Was an Elder of Trog.
             Hit by a large rock thrown by a cyclops (26 damage)
             ... on level 12 of the Dungeon.
             The game lasted 00:22:38 (12486 turns).

Blackhawk the Fighter (Demonspawn Berserker)       Turns: 12486, Time: 00:22:38

Health: -5/89      AC: 17    Str: 21    XL:     11   Next: 45%
Magic:  0/11       EV: 12    Int:  8    God:    Trog [****..]
Gold:   583        SH:  0    Dex: 14    Spells: 10/10 levels left

rFire   . . .        e - +3 executioner's axe (flame)
rCold   + . .        (shield currently unavailable)
rNeg    . . .        s - +0 chain mail
rPois   .            (no helmet)
rElec   +            (no cloak)
rCorr   .            g - +1 pair of gloves
SInv    +            c - +0 pair of boots
Will    .....        j - amulet of guardian spirit Stlth
                     r - ring of see invisible
HPRegen 0.34/turn    J - +4 ring of slaying
MPRegen 0.12/turn

%: guardian spirit
@: about to teleport, on berserk cooldown, slowed, very slow
A: foul stench 1, sharp scales 3, demonic magic 1, cold resistance 1,
electricity resistance
a: Renounce Religion, Berserk, Trog's Hand, Brothers in Arms


You were on level 12 of the Dungeon.
You worshipped Trog.
Trog was greatly pleased with you.
You visited 1 branch of the dungeon, and saw 12 of its levels.

You collected 583 gold pieces.

Inventory:

Hand Weapons
 e - a +3 executioner's axe of flaming (weapon)
 m - a +4 heavy broad axe
Missiles
 i - 2 throwing nets
Armour
 c - a +0 pair of boots (worn)
 g - a +1 pair of gloves (worn)
 s - a +0 chain mail (worn)
 K - a +3 kite shield
Jewellery
 j - an amulet of guardian spirit (around neck)
 r - a ring of see invisible (left hand)
 w - a +6 ring of strength
 J - a +4 ring of slaying (right hand)
Talismans
 f - a maw talisman
Wands
 b - a wand of digging (5)
 k - a wand of flame (4)
 C - a wand of iceblast (14)
 G - a wand of polymorph (8)
Scrolls
 a - a scroll of vulnerability
 h - 7 scrolls of identify
 o - a scroll of blinking
 q - a scroll of fog
 u - a scroll of immolation
 v - 3 scrolls of poison
 F - 2 scrolls of butterflies
Potions
 d - a potion of ambrosia
 l - a potion of might
 n - 2 potions of heal wounds
 p - 2 potions of curing
 I - a potion of enlightenment


   Skills:
 + Level 9.4 Fighting
 * Level 9.2 Axes
 + Level 8.3 Armour
 + Level 8.3 Dodging
 + Level 2.9 Shields


You had 10 spell levels left.
You didn't know any spells.
Your spell library was empty.

Dungeon Overview and Level Annotations

Branches:
Dungeon (12/15)            Temple (0/1) D:5            Lair (0/5) D:10
    Orc: D:9-12

Altars:
Ashenzari
Gozag
Trog

Shops:
D:3 [

Annotations:
D:5 3 runed translucent doors, PurpleRed's ghost, amateur DEDe


Innate Abilities, Weirdness & Mutations

You may rarely emit foul miasma when damaged in melee.
You are completely covered in razor-sharp scales. (AC +3, Slay +3)
Spells you cast may paralyse adjacent enemies.
Your flesh is cold resistant. (rC+)
You are resistant to electric shocks. (rElec)


Message History

No target in view!
No target in view!
No target in view!
No target in view!
You now have 583 gold pieces (gained 6).
You see here a +0 orcbow.
Key pressed, stopping explore.
A cyclops and a two-headed ogre come into view.
The cyclops shouts!
The two-headed ogre shouts in stereo!
The cyclops throws a large rock.
The large rock hits you!!
A boulder beetle comes into view.
A red film seems to cover your vision as you go berserk!
You feel yourself moving faster!
You feel mighty!
You slash the two-headed ogre! You burn the two-headed ogre.
The two-headed ogre is moderately wounded.
The cyclops throws a large rock.
The large rock hits you!
You slice the two-headed ogre!! You burn the two-headed ogre!
You kill the two-headed ogre!
Trog accepts your kill.
You feel a strong urge to attack something.
The boulder beetle bites you!
You slash the boulder beetle! You burn the boulder beetle.
The boulder beetle is moderately wounded.
The boulder beetle leaps!
You feel a strong urge to attack something.
The boulder beetle curls into a ball and begins rolling!
The cyclops throws a large rock.
The large rock hits you!
You are no longer berserk.
You are exhausted.
You feel yourself slow down. The boulder beetle closely misses you.
The boulder beetle stops rolling and uncurls.
You hit the boulder beetle but do no damage.
The boulder beetle is moderately wounded.
The boulder beetle bites you!
The cyclops throws a large rock.
The large rock hits you! The boulder beetle barely misses you.
As you read the scroll of teleportation, it crumbles to dust.
You feel strangely unstable. The boulder beetle bites you!
* * * LOW HITPOINT WARNING * * *
The cyclops throws a large rock.
The large rock hits you!!
You die...

#.. ..###
#..#########.....
.................
.....C..........
..............#
..............#####
.........).........
.....!..@..........
.......B..########.
######...########.
########............
...................
.........#######..#
.........# #..#
.........# #..#######
.........#######.........


You could see a boulder beetle and a cyclops.

Vanquished Creatures
  Snorg (D:10)
  3 two-headed ogres
  Pikel (D:4)
  An ugly thing (D:11)
  A manticore (D:11)
  Psyche (D:8)
  A gargoyle (D:12)
  A troll (D:10)
  A shadow (D:11)
  2 wyverns
  2 wraiths (D:11)
  A steam dragon (D:8)
  8 vampire mosquitoes
  2 water moccasins
  2 orc warriors (D:9)
  An ice beast (D:7)
  A sky beast (D:7)
  An ogre (D:6)
  2 lemures (D:4)
  7 centaurs
  A phantom (D:6)
  2 kobold brigands (D:8)
  2 bullfrogs
  5 gnoll sergeants
  6 scorpions
  2 wights (D:8)
  24 killer bees
  8 howler monkeys
  An orc priest (D:9)
  8 hounds
  3 jellies (D:5)
  Jessica (D:3)
  2 iguanas (D:5)
  A sleepcap (D:4)
  4 orc wizards
  Natasha (thrice) (D:3)
  Robin (D:3)
  16 adders
  27 gnolls
  2 white imps (D:7)
  3 worms
  5 dart slugs
  26 orcs
  A bat (D:2)
  5 endoplasms
  3 giant cockroaches
  18 goblins
  15 hobgoblins
  8 jackals
  6 quokkas
  11 ball pythons
  5 frilled lizards
  14 kobolds
  8 rats
287 creatures vanquished.

Notes
Turn   | Place    | Note
-------+----------+-------------------------------------------
     0 | D:1      | Blackhawk the Demonspawn Berserker began the quest for the
                  | Orb.
     0 | D:1      | Reached XP level 1. HP: 18/18 MP: 1/1
    83 | D:1      | Gained mutation: You may rarely emit foul miasma when
                  | damaged in melee. [demonic ancestry]
    83 | D:1      | Reached XP level 2. HP: 20/24 MP: 2/2
   388 | D:1      | Reached XP level 3. HP: 28/29 MP: 3/3
   647 | D:1      | Reached ** piety under Trog
  1062 | D:2      | Gained mutation: You are partially covered in razor-sharp
                  | scales. (AC +1, Slay +1) [demonic ancestry]
  1062 | D:2      | Reached XP level 4. HP: 35/35 MP: 4/4
  1636 | D:2      | Gained mutation: You are mostly covered in razor-sharp
                  | scales. (AC +2, Slay +2) [demonic ancestry]
  1636 | D:2      | Reached XP level 5. HP: 42/42 MP: 5/5
  2008 | D:3      | Noticed Natasha
  2013 | D:3      | Killed Natasha
  2114 | D:3      | Noticed Jessica
  2123 | D:3      | Killed Jessica
  2156 | D:3      | Noticed Robin
  2169 | D:3      | Killed Robin
  2170 | D:3      | Reached XP level 6. HP: 48/48 MP: 6/6
  2215 | D:3      | Found Faaneisea's Antique Armour Shop.
  2216 | D:3      | Reached *** piety under Trog
  2460 | D:3      | Noticed Natasha
  2475 | D:3      | Killed Natasha
  2779 | D:3      | Noticed Natasha
  2789 | D:3      | Killed Natasha
  3141 | D:4      | Identified the +0 leather armour of True Grit {rN+ Stlth+}
  3175 | D:4      | Gained mutation: Spells you cast may paralyse adjacent
                  | enemies. [demonic ancestry]
  3175 | D:4      | Reached XP level 7. HP: 45/55 MP: 7/7
  3474 | D:4      | Reached skill level 5 in Fighting
  3583 | D:4      | Noticed Pikel
  3606 | D:4      | Killed Pikel
  3607 | D:4      | Reached skill level 5 in Axes
  3607 | D:4      | Reached XP level 8. HP: 21/64 MP: 8/8
  4023 | D:5      | Entered Level 5 of the Dungeon
  4240 | D:5      | Reached skill level 5 in Dodging
  4275 | D:4      | Reached **** piety under Trog
  4419 | D:5      | Reached skill level 5 in Armour
  4605 | D:5      | Found a staircase to the Ecumenical Temple.
  4763 | D:5      | Found a runed translucent gate.
  4763 | D:5      | Found a runed translucent gate.
  4763 | D:5      | Found a runed translucent gate.
  4777 | D:5      | Found an opulent altar of Gozag.
  4778 | D:5      | Noticed a troll
  4781 | D:5      | Noticed PurpleRed's ghost (amateur DEDe)
  5006 | D:5      | Found a bloodstained altar of Trog.
  5446 | D:6      | Reached XP level 9. HP: 27/71 MP: 9/9
  6517 | D:7      | Found a broken altar of Ashenzari.
  7446 | D:8      | Noticed Psyche
  7497 | D:8      | Killed Psyche
  7882 | D:8      | Gained mutation: You are completely covered in razor-sharp
                  | scales. (AC +3, Slay +3) [demonic ancestry]
  7882 | D:8      | Reached XP level 10. HP: 58/80 MP: 10/10
  8520 | D:8      | Gained mutation: You are resistant to electric shocks.
                  | (rElec) [potion of mutation]
  8520 | D:8      | Gained mutation: Your flesh is cold resistant. (rC+)
                  | [potion of mutation]
 10180 | D:10     | Entered Level 10 of the Dungeon
 10180 | D:10     | Noticed a two-headed ogre
 10193 | D:10     | Killed a two-headed ogre
 10513 | D:10     | Identified a scroll of acquirement
 10513 | D:10     | Acquired a +3 executioner's axe of flaming
 10604 | D:10     | Found a staircase to the Lair.
 10665 | D:10     | Noticed Snorg
 10681 | D:10     | Killed Snorg
 10682 | D:10     | Reached skill level 1 in Shields
 11181 | D:11     | Reached XP level 11. HP: 89/89 MP: 11/11
 11306 | D:11     | Acquired a +2 heavy broad axe
 11416 | D:11     | Noticed a two-headed ogre
 11425 | D:11     | Killed a two-headed ogre
 11636 | D:11     | Noticed a green ugly thing
 11638 | D:11     | Killed a green ugly thing
 12353 | D:12     | Noticed a +0 dagger
 12353 | D:12     | Noticed a +0 short sword
 12354 | D:12     | Noticed a +0 falchion
 12354 | D:12     | Noticed a +0 short sword
 12354 | D:12     | Noticed a +0 falchion
 12461 | D:12     | Noticed a +0 spear
 12473 | D:12     | Noticed a two-headed ogre
 12475 | D:12     | Noticed a boulder beetle
 12478 | D:12     | Killed a two-headed ogre
 12486 | D:12     | Hit by a large rock thrown by a cyclops

Illustrated notes

Levels and vault maps discovered:
D:1:      roderic_octagonal_star, layout_loops_ring, minmay_quantized
D:2:      minmay_inner_zag, layout_basic, st_stairs_12,
          minmay_misc_feat_ornament, minmay_misc_feat_rugged
D:3:      layout_basic, serial_shops, nicolae_shop_tiny_statue_garden,
          uniq_robin, uniq_jessica, uniq_natasha
D:4:      layout_cave_pools, uniq_pikel
D:5:      layout_cave_pools, kennysheep_mini, minmay_temple_entry_large_hall,
          ebering_ghost_gozag
D:6:      layout_gridville
D:7:      layout_basic, cheibrodos_ashenzari_chains
D:8:      layout_basic, minmay_bent, uniq_psyche
D:9:      layout_layer_cave, enter_bailey_3, hangedman_abyss_or_decor_stagger,
          chequers_mini_garden, eino_tiny_chamber
D:10:     layout_rooms, lair_entry_dummy, uniq_snorg
D:11:     layout_roguey
D:12:     minmay_tearing_corner, layout_long_grid, orc_0_dummy,
          nicolae_uskayaw_en_pointe

Skill      XL: |  1  2  3  4  5  6  7  8  9 10 11 |
---------------+----------------------------------+-----
Armour         | 2 3 4 5 6 7 8 |  8.3
Dodging        | 2 3 4 5 6 7 8 |  8.3
Axes           | 3 4 5 6 7 8 9 |  9.2
Fighting       | 4 5 6 7 9 |  9.4
Shields        | 1 2 |  2.9

Action                     |  1- 3 |  4- 6 |  7- 9 | 10-12 || total
---------------------------+-------+-------+-------+-------++-------
  Melee: Hand axe          |    99 |   212 |   435 |   216 ||   962
         Punch             |     1 |     3 |     5 |     4 ||    13
         Unarmed           |       |       |     3 |       ||     3
         Executioner's axe |       |       |       |    74 ||    74
 Invoke: Berserk           |     1 |     4 |     8 |    10 ||    23
    Use: Scroll            |       |       |       |    18 ||    18
         Potion            |       |       |       |    11 ||    11
   Stab: Sleeping          |     2 |     1 |       |       ||     3
 Armour: Animal skin       |    51 |   108 |       |       ||   159
         Chain mail        |       |    10 |   371 |   334 ||   715
         Skin              |       |       |    10 |       ||    10
  Dodge: Dodged            |    66 |   128 |   264 |   260 ||   718

Table legend: (Time is in decaauts)
 A = Elapsed time spent in this place.
 B = Non-inter-level travel time spent in this place.
 C = Inter-level travel time spent in this place.
 D = Time resting spent in this place.
 E = Time spent auto-exploring this place.
 F = Levels seen in this place.
 G = Mean time per level.
                   A        B        C        D        E       F      G
               +--------+--------+--------+--------+--------+-----+--------+
         Total |  12723 |  12334 |    389 |   1199 |   9010 |  12 | 1060.2 |
       Dungeon |  12723 |  12334 |    389 |   1199 |   9010 |  12 | 1060.2 |
               +--------+--------+--------+--------+--------+-----+--------+

Top non-repeatable levels by time:
     D:8: 1714 daAuts
     D:9: 1645 daAuts
     D:4: 1353 daAuts
     D:6: 1221 daAuts
     D:3: 1172 daAuts
    D:11: 1081 daAuts
     D:2: 1028 daAuts
     D:7: 912 daAuts
     D:1: 880 daAuts
     D:5: 740 daAuts
    D:10: 698 daAuts
    D:12: 274 daAuts
